 Dungeon Crawl Stone Soup version 0.29.1-13-g9f3cf754e1 (webtiles) character file.

Game seed: 8402706036145142296

196 croobank the Insei (level 5, -4/35 HPs)
             Began as an Octopode Transmuter on Jan 28, 2023.
             Killed by divine providence
             ... invoked by an orc priest
              (12 damage)
             ... on level 4 of the Dungeon.
             The game lasted 00:10:20 (4163 turns).

croobank the Insei (Octopode Transmuter)            Turns: 4163, Time: 00:10:21

Health: -4/35      AC:  1    Str:  9    XL:     5   Next: 74%
Magic:  9/9        EV: 13    Int: 18    God:
Gold:   212        SH:  0    Dex: 12    Spells: 1/9 levels left

rFire   . . .      SeeInvis .   a - +3 short sword (flame)
rCold   . . .      Faith    .   (no shield)
rNeg    . . .      Spirit   .   (helmet currently unavailable)
rPois   .          Reflect  .   (no amulet)
rElec   .          Harm     .   (no ring)
rCorr   .          Rampage  .   (no ring)
Will    .....                   (no ring)
Stlth   ++........              (no ring)
HPRegen 0.11/turn               (no ring)
MPRegen 0.11/turn               (no ring)
                                (no ring)
                                (no ring)

@: confused, appendages, ambrosia-drunk, wereblooded
A: tentacle spike 3, almost no armour, amphibious, 8 rings, camouflage 1,
gelatinous body 1, (nimble swimmer 1), tentacles
a: End Transformation


You were on level 4 of the Dungeon.
One of your tentacles had grown a beastly spike.
You visited 1 branch of the dungeon, and saw 4 of its levels.

You collected 212 gold pieces.

Inventory:

Hand Weapons
 a - a +3 short sword of flaming (weapon)
 b - a +0 dagger
 c - a +0 short sword
 i - a +1 spear of flaming
 j - a +4 halberd
 s - a +0 war axe
Missiles
 k - 7 poisoned darts
 l - a throwing net
Magical Staves
 p - a staff of poison
Jewellery
 m - a ring of see invisible
Wands
 o - a wand of charming (11)
Scrolls
 n - 2 scrolls of teleportation
 r - a scroll of fear
 u - a scroll of identify
Potions
 d - a potion of haste
 f - 2 potions of lignification
 g - a potion of magic
 h - a potion of curing
 q - a potion of flight
 t - a potion of heal wounds {unknown}


   Skills:
 + Level 2.3 Fighting
 + Level 2.1 Short Blades
 + Level 3.0 Dodging
 - Level 3.0 Unarmed Combat
 + Level 2.8 Spellcasting
 + Level 0.6 Translocations
 + Level 2.9 Transmutations
 + Level 0.4 Air Magic
 + Level 0.4 Poison Magic


You had one spell level left.
You knew the following spells:

 Your Spells              Type           Power      Damage    Failure   Level
a - Beastly Appendage     Tmut           26%        N/A       4%          1
b - Wereblood             Tmut           13%        N/A       8%          2
c - Blink                 Tloc           8%         N/A       19%         2
d - Mephitic Cloud        Conj/Pois/Air  3%         N/A       41%         3

Your spell library contained the following spells:

 Spells                   Type           Power      Damage    Failure   Level
 Foxfire                  Conj/Fire      8%         2x1d4     17%         1
 Magic Dart               Conj           8%         1d3       17%         1
 Spider Form              Tmut/Pois      8%         N/A       24%         3
 Call Imp                 Summ           2%         N/A       26%         2
 Conjure Flame            Conj/Fire      2%         6-21      45%         3
 Inner Flame              Hex/Fire       2%         N/A       45%         3
 Ice Form                 Ice/Tmut       7%         N/A       65%         4
 Flame Wave               Conj/Fire      2%         2d4       86%         4
 Manifold Assault         Tloc           4%         N/A       98%         5
 Storm Form               Tmut/Air       4%         N/A       100%        7


Dungeon Overview and Level Annotations

Branches:
Dungeon (4/15)
 Temple: D:4-7

Altars:


Innate Abilities, Weirdness & Mutations

One of your tentacles has grown a beastly spike.
You cannot wear most types of armour.
You are amphibious.
You can wear up to eight rings at the same time.
Your skin changes colour to match your surroundings (Stealth+).
Your rubbery body absorbs attacks. (AC +1, EV +1)
((You are camouflaged when in or above water. (Stealth+)))
You have tentacles for arms and can constrict up to eight enemies at once.


Message History

An orc comes into view. It is wielding a +0 mace.
An orc priest comes into view. It is wielding a +0 short sword.
Found a stone staircase leading down.
An orc comes into view. It is wielding a +0 short sword.
The orc shouts!
The orc priest shouts!
The orc shouts!
Casting: Wereblood (safe; 8% risk of failure)
Confirm with . or Enter, or press ? or * to list all spells.
One of your tentacles grows a vicious spike.
The orc hits you with a +0 mace.
Casting: Beastly Appendage (safe; 4% risk of failure)
Confirm with . or Enter, or press ? or * to list all spells.
Your blood is infused with primal strength.
The orc hits you with a +0 mace. The orc hits you with a +0 mace.
The orc priest hits you with a +0 short sword.
You hit the orc priest. You burn the orc priest. You grab the orc priest.
The orc priest is moderately wounded.
You constrict the orc priest. The orc misses you.
The orc priest barely misses you.
You hit the orc priest but do no damage.
You tentacle-slap the orc priest. You squeeze the orc priest.
The orc priest is almost dead.
You constrict the orc priest, but do no damage.
The orc hits you but does no damage. The orc closely misses you.
The orc priest invokes the aid of Beogh against you.
Beogh smites you!
* * * LOW HITPOINT WARNING * * *
You are confused.
You feel invigorated.
You constrict the orc priest, but do no damage.
The orc barely misses you. The orc closely misses you.
The orc priest hits you with a +0 short sword!
* * * LOW HITPOINT WARNING * * *
You release your grip on the orc priest.
The orc priest attacks as you move away!
The orc priest hits you with a +0 short sword.
* * * LOW HITPOINT WARNING * * *
The orc priest calls down the wrath of Beogh upon you.
Beogh smites you!
You die...

..####.......#######
...................# ..
..................# #..
..................###...
........................
........................
................o.......
................o...>...
...............o@.......
................####....
.......########## #..
######## . # ##
.######## .........


You could see an orc priest and 2 orcs.

Vanquished Creatures
  An orc wizard (D:4)
  4 gnolls
  5 adders
  2 dart slugs
  3 orcs
  A ball python (D:1)
  5 bats
  12 endoplasms
  13 giant cockroaches
  2 goblins
  5 hobgoblins
  3 quokkas (D:2)
  2 frilled lizards (D:1)
  13 kobolds
  4 rats
75 creatures vanquished.

Notes
Turn   | Place    | Note
-------+----------+-------------------------------------------
     0 | D:1      | croobank the Octopode Transmuter began the quest for the
                  | Orb.
     0 | D:1      | Reached XP level 1. HP: 13/13 MP: 3/3
   234 | D:1      | Reached XP level 2. HP: 18/18 MP: 3/5
   243 | D:1      | Learned a level 2 spell: Wereblood
   812 | D:1      | Found a faded altar of an unknown god.
  1181 | D:2      | Reached XP level 3. HP: 23/23 MP: 2/6
  1186 | D:2      | Reached skill level 1 in Short Blades
  1581 | D:2      | Reached XP level 4. HP: 13/29 MP: 3/7
  2871 | D:3      | Learned a level 2 spell: Blink
  2889 | D:3      | Reached XP level 5. HP: 34/34 MP: 4/8
  3777 | D:4      | Learned a level 3 spell: Mephitic Cloud
  4163 | D:4      | Killed from afar by an orc priest

Illustrated notes

Levels and vault maps discovered:
D:1:      onia_arrival_mini_spirals, layout_basic,
          nicolae_ecumenical_lake_church
D:2:      layout_loops_ring
D:3:      minmay_roachtagon, layout_basic, minmay_strange_pillars
D:4:      layout_layer_cave, kennysheep_generic_room_8

Skill      XL: |  1  2  3  4  5 |
---------------+----------------+-----
Short Blades   | 1 2 |  2.1
Fighting       | 2 |  2.3
Dodging        | 3 |  3.0
Unarmed Combat | |  3.0
Spellcasting   | |  2.8
Translocations | |  0.6
Transmutations | |  2.9
Air Magic      | |  0.4
Poison Magic   | |  0.4

Action                   |  1- 3 |  4- 6 || total
-------------------------+-------+-------++-------
Melee: Unarmed           |    15 |       ||    15
       Kick              |    10 |    18 ||    28
       Constrict         |    11 |    18 ||    29
       Tentacles         |     5 |     8 ||    13
       Short sword       |    32 |    86 ||   118
       Punch             |       |     1 ||     1
 Cast: Beastly Appendage |    15 |    19 ||    34
       Wereblood         |    12 |    17 ||    29
  Use: Scroll            |     6 |     3 ||     9
       Potion            |       |     2 ||     2
 Stab: Sleeping          |     4 |       ||     4
Armor: Skin              |     3 |     5 ||     8
Dodge: Dodged            |    23 |    47 ||    70
